 Dungeon Crawl Stone Soup version 0.31-a0-521-gc7390f8997 (webtiles) character file.

Game seed: 5383866693252798727

481 LeprechaunX the Ruffian (level 7, -1/46 HPs)
             Began as an Octopode Shapeshifter on Aug 10, 2023.
             Slain by an ufetubus (3 damage)
             ... on level 5 of the Dungeon.
             The game lasted 00:03:40 (2840 turns).

LeprechaunX the Ruffian (Octopode Shapeshifter)     Turns: 2840, Time: 00:03:40

Health: -1/46      AC:  1    Str: 22    XL:     7   Next: 12%
Magic:  7/7        EV: 14    Int: 15    God:
Gold:   190        SH:  0    Dex: 12    Spells: 6/6 levels left

rFire   . . .        w - +9 trident of Gemeat {protect, *Noise rElec rF+ Str+5}
rCold   + . .        (no shield)
rNeg    . . .        (helmet currently unavailable)
rPois   .            (no amulet)
rElec   +            i - ring of Jeesemm {Ice Will- Int+5 Slay+5}
rCorr   .            m - +4 ring of slaying
SInv    .            (no ring)
Will    .....        (no ring)
Stlth   ++           (no ring)
HPRegen 0.27/turn    (no ring)
MPRegen 0.10/turn    (no ring)
                     (no ring)

%: no passive effects
@: beast-form
A: beast (slay +2), almost no armour, amphibious, 8 rings, camouflage 1,
gelatinous body 1, (nimble swimmer 1), tentacles
a: Begin Untransformation


You were on level 5 of the Dungeon.
You were a hulking beast.
You visited 1 branch of the dungeon, and saw 5 of its levels.

You collected 190 gold pieces.

Inventory:

Hand Weapons
 a - a +0 sling
 w - the +9 trident of Gemeat (weapon) {protect, *Noise rElec rF+ Str+5}
   (You found it on level 4 of the Dungeon)

   Str+5:     It affects your strength (+5).
   rF+:       It protects you from fire.
   rElec:     It insulates you from electricity.
   *Noise:    It may make a loud noise when swung.
Jewellery
 i - the ring of Jeesemm (left tentacle) {Ice Will- Int+5 Slay+5}
   (You found it on level 2 of the Dungeon)

   [ring of ice]

   Ice:       It enhances your ice magic.
   Int+5:     It affects your intelligence (+5).
   Slay+5:    It affects your accuracy & damage with ranged weapons and melee
   (+5).
   rF-:       It makes you vulnerable to fire.
   rC+:       It protects you from cold.
   Will-:     It decreases your willpower.
 m - a +4 ring of slaying (right tentacle)
Talismans
 b - a beast talisman (active)
 c - a flux talisman
Wands
 k - a wand of iceblast (13)
 y - a wand of mindburst (7)
Scrolls
 f - a scroll of amnesia {unknown}
 g - 4 scrolls of teleportation {unknown}
 h - a scroll of blinking {unknown}
 j - a scroll of fog {unknown}
 l - 2 scrolls of identify {unknown}
 o - a scroll of brand weapon {unknown}
 s - a scroll of noise {unknown}
 t - 2 scrolls of poison {unknown}
 u - a scroll of enchant weapon {unknown}
Potions
 d - 3 potions of enlightenment {unknown}
 e - a potion of curing {unknown}
 n - a potion of magic {unknown}
 p - a potion of lignification
 q - 2 potions of might {unknown}
 r - a potion of brilliance {unknown}
 v - a potion of degeneration {unknown}
 x - a potion of heal wounds {unknown}


   Skills:
 + Level 3.5 Fighting
 + Level 4.0 Dodging
 + Level 4.6 Unarmed Combat
 + Level 4.2 Shapeshifting


You had 6 spell levels left.
You didn't know any spells.
Your spell library contained the following spells:

 Spells                   Type           Power      Damage    Failure   Level
 Hailstorm                Conj/Ice       0%         3d3       63%         3
 Summon Ice Beast         Ice/Summ       0%         N/A       95%         4
 Simulacrum               Ice/Necr       0%         N/A       100%        6


Dungeon Overview and Level Annotations

Branches:
Dungeon (5/15)
 Temple: D:4-7

Altars:
Cheibriados
Makhleb

Annotations:
D:4 1 runed translucent door, oldmanjim's ghost, amateur OpSh


Innate Abilities, Weirdness & Mutations

You are a hulking beast.
Your limbs bulge with bestial killing power. (Slay +2)
You cannot wear most types of armour.
You are amphibious.
You can wear up to eight rings at the same time.
Your skin changes colour to match your surroundings (Stealth+).
Your rubbery body absorbs attacks. (AC +1, EV +1)
((You are camouflaged when in or above water. (Stealth+)))
You have tentacles for arms and can constrict up to eight enemies at once.


Message History

The orc wizard casts a spell at you. The magic dart hits you.
The troll closely misses you.
The troll claws you but does no damage. x2
You puncture the troll!
You kill the troll!
The ufetubus completely misses you. The ufetubus barely misses you.
The ufetubus hits you.
* * * LOW HITPOINT WARNING * * *
The ufetubus barely misses you. The orc wizard closely misses you.
The orc wizard gestures wildly while chanting.
The orc wizard flickers and vanishes!
Deactivating autopickup; reactivate with Ctrl-A.
An orc priest comes into view. It is wielding a +0 short sword.
Your Fighting skill increases to level 3!
Your Dodging skill increases to level 4!
Your Shapeshifting skill increases to level 4!
You have reached level 7!
You impale the orc wizard!!
You kill the orc wizard!
The ufetubus closely misses you.
The ufetubus hits you but does no damage.
The ufetubus closely misses you. x2
Unknown command.
The ufetubus attacks as you move away! The ufetubus hits you.
* * * LOW HITPOINT WARNING * * *
The ufetubus misses you.
The ufetubus hits you but does no damage.
The ufetubus barely misses you.
An ufetubus comes into view.
The orc priest invokes the aid of Beogh against you.
Beogh smites you!
* * * LOW HITPOINT WARNING * * *
The ufetubus hits you but does no damage.
The ufetubus closely misses you. The ufetubus attacks as you move away!
The ufetubus closely misses you.
The ufetubus hits you but does no damage.
The ufetubus shouts!
The ufetubus misses you. The ufetubus closely misses you.
The ufetubus hits you.
You die...

#.........# #.
#.o.......#...
#.#.).....#..
#............
#........r#..
#.........#
#.###....##
#....5..##
#.###h#.# #5.#.#
#.##.#
#..####.##.####
..............####.
####...............
#.#>...)........
........)<..#####
..##.##...)...#


You could see an orc priest, 2 ufetubi and a quokka.

Vanquished Creatures
  A troll (D:5)
  A hound (D:4)
  An orc priest (D:5)
  Ijyb (D:3)
  An orc wizard (D:5)
  Robin (D:3)
  3 gnolls (D:3)
  6 adders
  3 dart slugs
  2 orcs (D:5)
  5 ball pythons
  An endoplasm (D:4)
  5 giant cockroaches
  5 goblins
  8 hobgoblins
  6 kobolds
  3 quokkas
  5 bats
  4 frilled lizards
62 creatures vanquished.

Notes
Turn   | Place    | Note
-------+----------+-------------------------------------------
     0 | D:1      | LeprechaunX the Octopode Shapeshifter began the quest for
                  | the Orb.
     0 | D:1      | Reached XP level 1. HP: 13/13 MP: 1/1
   299 | D:1      | Reached XP level 2. HP: 13/18 MP: 2/2
   424 | D:1      | Found a faded altar of an unknown god.
   831 | D:2      | Identified the ring of Jeesemm {Ice Will- Int+5 Slay+5}
  1025 | D:2      | Reached XP level 3. HP: 21/24 MP: 3/3
  1206 | D:2      | Reached XP level 4. HP: 29/29 MP: 4/4
  1502 | D:3      | Noticed Robin
  1503 | D:3      | Noticed Ijyb
  1513 | D:3      | Killed Ijyb
  1527 | D:3      | Killed Robin
  1649 | D:3      | Reached XP level 5. HP: 18/35 MP: 5/5
  1853 | D:3      | Found a faded altar of an unknown god.
  2024 | D:3      | Found a snail-covered altar of Cheibriados.
  2163 | D:4      | Found a burning altar of Makhleb.
  2213 | D:4      | Identified the +9 trident of Gemeat {protect, *Noise rElec
                  | rF+ Str+5}
  2286 | D:4      | Found a runed translucent door.
  2289 | D:4      | Noticed oldmanjim's ghost (amateur OpSh)
  2804 | D:5      | Entered Level 5 of the Dungeon
  2807 | D:5      | Reached XP level 6. HP: 41/41 MP: 6/6
  2823 | D:5      | Noticed a troll
  2834 | D:5      | Killed a troll
  2835 | D:5      | Reached XP level 7. HP: 14/46 MP: 7/7
  2837 | D:5      | HP: 1/46 [orc priest/divine providence (12)]
  2840 | D:5      | Slain by an ufetubus

Illustrated notes

Levels and vault maps discovered:
D:1:      lightli_arrival_boilingwater, layout_basic,
          shapermc_ecumenical_altar_mp_ritualfount
D:2:      layout_basic
D:3:      layout_loops_ring, chei_slow_surprise,
          nicolae_overflow_ecumenical_swirl, nicolae_goblin_pals
D:4:      layout_basic, bloody_makhleb, ebering_ghost_sewer_d, nrook_mini_vaults
D:5:      layout_basic, lemuel_tele_altar, minmay_temple_entry_overgrown

Skill      XL: |  1  2  3  4  5  6 |
---------------+-------------------+-----
Fighting       | 2 3 |  3.5
Dodging        | 3 4 |  4.0
Unarmed Combat | 4 |  4.6
Shapeshifting  | 4 |  4.2

Action                     |  1- 3 |  4- 6 |  7- 9 || total
---------------------------+-------+-------+-------++-------
  Melee: Unarmed           |    44 |    10 |       ||    54
         Constrict         |    13 |     6 |       ||    19
         Tentacles         |     3 |     2 |       ||     5
         Trident           |       |    18 |     1 ||    19
         Punch             |       |     2 |       ||     2
   Fire: Sling             |       |    39 |       ||    39
   Stab: Sleeping          |     5 |     2 |       ||     7
 Armour: Skin              |     4 |     6 |     4 ||    14
  Dodge: Dodged            |    22 |    36 |     9 ||    67

Table legend: (Time is in decaauts)
 A = Elapsed time spent in this place.
 B = Non-inter-level travel time spent in this place.
 C = Inter-level travel time spent in this place.
 D = Time resting spent in this place.
 E = Time spent auto-exploring this place.
 F = Levels seen in this place.
 G = Mean time per level.
                   A        B        C        D        E       F      G
               +--------+--------+--------+--------+--------+-----+--------+
         Total |   2852 |   2700 |    152 |    119 |   2206 |   5 |  570.4 |
       Dungeon |   2852 |   2700 |    152 |    119 |   2206 |   5 |  570.4 |
               +--------+--------+--------+--------+--------+-----+--------+

Top non-repeatable levels by time:
     D:1: 808 daAuts
     D:3: 758 daAuts
     D:4: 673 daAuts
     D:2: 573 daAuts
     D:5: 39 daAuts
